 Dungeon Crawl Stone Soup version 0.29.1-15-g9cfb28693d (webtiles) character file.

Game seed: 9807534402148382670

10 leafyfresh the Sneak (level 2, 0/21 HPs)
             Began as an Octopode Delver on Feb 24, 2023.
             Slain by an orc priest
             ... wielding a +0 falchion
              (6 damage)
             ... on level 4 of the Dungeon.
             The game lasted 00:00:18 (90 turns).

leafyfresh the Sneak (Octopode Delver)                Turns: 90, Time: 00:00:18

Health: 0/21       AC:  1    Str: 11    XL:     2   Next: 20%
Magic:  2/2        EV: 13    Int: 12    God:
Gold:   0          SH:  0    Dex: 13    Spells: 1/1 levels left

rFire   . . .      SeeInvis .   a - +0 short sword
rCold   . . .      Faith    .   (no shield)
rNeg    . . .      Spirit   .   (helmet restricted)
rPois   .          Reflect  .   (no amulet)
rElec   .          Harm     .   (no ring)
rCorr   .          Rampage  .   (no ring)
Will    .....                   (no ring)
Stlth   ++++......              (no ring)
HPRegen 0.07/turn               (no ring)
MPRegen 0.08/turn               (no ring)
                                (no ring)
                                (no ring)

@: no status effects
A: almost no armour, amphibious, 8 rings, camouflage 1, gelatinous body 1,
(nimble swimmer 1), tentacles
a: no special abilities


You were on level 4 of the Dungeon.
You visited 1 branch of the dungeon, and saw 2 of its levels.

Inventory:

Hand Weapons
 a - a +0 short sword (weapon)
Wands
 f - a wand of digging (3)
Scrolls
 b - a scroll of fog
 c - a scroll of magic mapping
 d - a scroll of fear
Potions
 e - a potion of haste


   Skills:
 - Level 3.0 Fighting
 - Level 2.0 Short Blades
 - Level 2.0 Dodging
 + Level 7.3 Stealth


You had one spell level left.
You didn't know any spells.
Your spell library was empty.

Dungeon Overview and Level Annotations

Branches:
Dungeon (5/15)
 Temple: D:4-7

Altars:

Shops:
D:4 !


Innate Abilities, Weirdness & Mutations

You cannot wear most types of armour.
You are amphibious.
You can wear up to eight rings at the same time.
Your skin changes colour to match your surroundings (Stealth+).
Your rubbery body absorbs attacks. (AC +1, EV +1)
((You are camouflaged when in or above water. (Stealth+)))
You have tentacles for arms and can constrict up to eight enemies at once.


Message History

You hit the adder. You grab the adder.
The adder is heavily wounded.
You constrict the adder. The adder bites you.
You hit the adder.
The adder is almost dead.
You constrict the adder.
You kill the adder!
Your Stealth skill increases to level 7!
You have reached level 2!
Unknown command.
There is a stone staircase leading up here.
You climb upwards.
There is a stone staircase leading down here.
You start resting.
An ogre comes into view. It is wielding a +0 giant club.
An ogre is nearby!
An ogre is nearby!
Unknown command.
A goblin comes into view. It is wielding a +0 club.
Found a bubbling amethyst potion.
An orc comes into view. It is wielding a +1 hand axe of venom.
Found Sesuwnua's Distillery.
The helpless goblin fails to defend itself.
You puncture the goblin!
You kill the goblin!
You see here a +0 club.
An orc priest comes into view. It is wielding a +0 falchion.
The orc priest shouts!
You hear a shout! x2
An orc comes into view. It is wielding a +0 hand axe.
The orc priest hits you with a +0 falchion.
You hit the orc priest. Your grab misses the orc priest.
Your squeeze misses the orc priest.
The orc priest is moderately wounded.
The orc priest hits you with a +0 falchion.
* * * LOW HITPOINT WARNING * * *
A hobgoblin comes into view.
You hit the orc priest. Your grab misses the orc priest.
The orc priest is moderately wounded.
The orc priest hits you with a +0 falchion.
You die...

#..>....#
#.###.#.# #
###.# #.#.#
.. .... #.#.#
#...#O##.#.#
..#.#.....).#
.∩...#.#..#
#o#..#.#..#
..#o@....#
...go.o####!#
#####.# ...
#. ..... #
.####. .# ..


You could see an ogre, an orc priest, 2 orcs and a hobgoblin.

Vanquished Creatures
  An adder (D:5)
  A goblin (D:4)
2 creatures vanquished.

Notes
Turn   | Place    | Note
-------+----------+-------------------------------------------
     0 | D:5      | leafyfresh the Octopode Delver began the quest for the Orb.
     0 | D:5      | Reached XP level 1. HP: 16/16 MP: 1/1
    24 | D:5      | Reached skill level 7 in Stealth
    24 | D:5      | Reached XP level 2. HP: 12/21 MP: 2/2
    76 | D:4      | Noticed an ogre
    81 | D:4      | Found Sesuwnua's Distillery.
    90 | D:4      | Slain by an orc priest

Illustrated notes

Levels and vault maps discovered:
D:4:      layout_loops_ring, mainiacjoe_overflow_brackets, serial_shops,
          nicolae_shop_advertising_works [nicolae_subvault_shop_adworks]
D:5:      layout_basic

Skill      XL: |  1 |
---------------+----+-----
Stealth        | 7 |  7.3
Fighting       | |  3.0
Short Blades   | |  2.0
Dodging        | |  2.0

Action                   || total
-------------------------++-------
Melee: Short sword       ||     5
       Constrict         ||     1
 Stab: Sleeping          ||     1
